 Dungeon Crawl Stone Soup version 0.21.1-1-g345015f (webtiles) character file.

156 timp the Covered (level 5, -7/42 HPs)
             Began as a Human Fighter on Mar 29, 2018.
             Mangled by a gnoll
             ... wielding a +0 halberd
              (10 damage)
             ... on level 3 of the Dungeon.
             The game lasted 00:59:30 (2739 turns).

timp the Covered (Human Fighter)                    Turns: 2739, Time: 00:59:31

Health: -7/42      AC:  9    Str: 17    XL:     5   Next: 65%
Magic:  5/5        EV:  4    Int:  8    God:
Gold:   77         SH:  9    Dex: 13    Spells: 4/4 levels left

rFire    . . .     SeeInvis .   o - +1 dagger (venom)
rCold    . . .     Gourm    .   c - +0 shield
rNeg     . . .     Faith    .   l - +0 chain mail
rPois    .         Spirit   .   (no helmet)
rElec    .         Reflect  .   (no cloak)
rCorr    .         Harm     .   (no gloves)
MR       .....     Rnd*Tele +   (no boots)
Stlth    ..........             (no amulet)
HPRegen  0.14/turn              i - ring of wizardry
MPRegen  0.09/turn              b - ring of teleportation

@: no status effects
A: no striking features
a: no special abilities


You were on level 3 of the Dungeon.
You were not hungry.

You visited 1 branch of the dungeon, and saw 4 of its levels.

You collected 77 gold pieces.

Inventory:

Hand Weapons
 a - a +0 trident
 o - a +1 dagger of venom (weapon)
 s - a +1 short sword of draining
Missiles
 n - 40 stones (quivered)
 r - 67 bolts
Armour
 c - a +0 shield (worn)
 l - a +0 chain mail (worn)
 u - a +0 chain mail
Jewellery
 b - a ring of teleportation (right hand)
 i - a ring of wizardry (left hand)
Wands
 g - a wand of enslavement (8)
 k - a wand of flame (14)
Scrolls
 e - 5 scrolls of identify
 p - a scroll of fear {unknown}
 q - 3 scrolls of remove curse
 t - 2 scrolls of teleportation {unknown}
 v - a scroll of magic mapping {unknown}
 w - a scroll of random uselessness {unknown}
 x - a scroll of blinking
Potions
 d - 2 potions of might
 h - 2 potions of agility {unknown}
 j - 2 potions of heal wounds
 m - 3 potions of curing {unknown}
Comestibles
 f - 4 rations


   Skills:
 + Level 3.9 Fighting
 - Level 0.6 Short Blades
 + Level 2.8 Polearms
 + Level 4.1 Armour
 + Level 3.7 Shields


You had 4 spell levels left.
You didn't know any spells.

Dungeon Overview and Level Annotations

Branches:
Dungeon (4/15)
 Temple: D:4-7

Altars:
Hepliaklqana
Yredelemnul
The Shining One

Annotations:
D:1 1 exclusion


Message History

You eat one of the 5 rations.
That ration really hit the spot!
You start resting.
HP restored.
There is a stone staircase leading down here.
You climb downwards.
You block the gnoll's attack. The gnoll hits you.
The gnoll hits you with a flail. The gnoll hits you with a halberd!
There is a stone staircase leading up here.
You closely miss the gnoll. The gnoll hits you.
The gnoll hits you with a flail!
* * * LOW HITPOINT WARNING * * *
The gnoll hits you with a halberd.
* * * LOW HITPOINT WARNING * * *
The gnoll hits you but does no damage. The gnoll hits you with a flail.
* * * LOW HITPOINT WARNING * * *
The gnoll hits you but does no damage.
You climb upwards.
There is a stone staircase leading down here.
The gnoll hits you with a halberd!
You die...

#.....## ##.# .......##
##..# #
........####...######....
........'................
........###....######.###
.......## #.#.## #.....##
#.### ##...## ###.######
##'## #......g@# #.#
#.#..###g# # #.# #.##.#
#g# #.#.### #.##.###.#
#.....# #........#
....#.# ####.#####
#.....######.#
..#..........#
###.##########


You could see 3 gnolls.

Vanquished Creatures
  A howler monkey (D:2)
  Terence (D:2)
  2 gnolls
  2 adders (D:2)
  An ooze (D:2)
  A worm (D:2)
  2 dart slugs
  4 bats
  4 giant cockroaches (D:1)
  5 goblins
  5 hobgoblins
  A ball python (D:2)
  6 frilled lizards
  8 kobolds
  5 rats (D:1)
48 creatures vanquished.

Notes
Turn   | Place    | Note
-------+----------+-------------------------------------------
     0 | D:1      | timp the Human Fighter began the quest for the Orb.
     0 | D:1      | Reached XP level 1. HP: 18/18 MP: 1/1
   203 | D:1      | Reached XP level 2. HP: 20/24 MP: 2/2
   574 | D:1      | Reached XP level 3. HP: 23/29 MP: 3/3
  1142 | D:2      | Reached XP level 4. HP: 24/35 MP: 4/4
  1336 | D:2      | Found a hazy altar of Hepliaklqana.
  1502 | D:2      | Noticed Terence
  1530 | D:2      | Killed Terence
  1530 | D:2      | Reached skill level 4 in Armour
  1748 | D:2      | Reached XP level 5. HP: 42/42 MP: 5/5
  1754 | D:2      | Found a basalt altar of Yredelemnul.
  2039 | D:2      | Found a glowing golden altar of the Shining One.
  2737 | D:4      | HP: 2/42 [gnoll/flail (1)]
  2739 | D:3      | Mangled by a gnoll

Skill      XL: |  1  2  3  4 |
---------------+-------------+-----
Armour         | 4 |  4.1
Fighting       | |  3.9
Short Blades   | |  0.6
Polearms       | |  2.8
Shields        | |  3.7

Action                   |  1- 3 |  4- 6 || total
-------------------------+-------+-------++-------
Melee: Trident           |    26 |       ||    26
       Dagger            |    51 |    60 ||   111
       Hunting sling     |     6 |       ||     6
       Short sword       |       |    17 ||    17
 Fire: Hunting sling     |     3 |       ||     3
Throw: Stone             |     3 |    11 ||    14
  Use: Scroll            |       |     3 ||     3
       Potion            |       |     1 ||     1
  Eat: Ration            |       |     2 ||     2
       Chunk             |       |     1 ||     1
Armor: Scale mail        |     3 |       ||     3
       Chain mail        |    44 |    46 ||    90
Dodge: Dodged            |    20 |    17 ||    37
Block: Shield            |    41 |    35 ||    76
